 Dungeon Crawl Stone Soup version 0.28-b1-25-g9875b3fc8c (webtiles) character file.

Game seed: 15233121671311494773

4826 Armakuni the Zephyrmancer (level 10, 0/76 HPs)
             Began as a Human Gladiator on Feb 5, 2022.
             Was a Believer of Elyvilon.
             Slain by a sixfirhy (8 damage)
             ... summoned by an orc high priest
             ... in a bailey.
             The game lasted 00:23:44 (10028 turns).

Armakuni the Zephyrmancer (Human Gladiator)        Turns: 10028, Time: 00:23:45

Health: 0/76       AC: 16    Str: 16    XL:     10   Next: 77%
Magic:  13/13      EV: 12    Int: 18    God:    Elyvilon [**....]
Gold:   396        SH:  5    Dex: 14    Spells: 7/9 levels left

rFire   . . .      SeeInvis .   a - +5 rapier (speed)
rCold   . . .      Faith    .   (no shield)
rNeg    + . .      Spirit   .   s - +2 swamp dragon scales
rPois   +          Reflect  +   j - +0 helmet
rElec   .          Harm     .   h - +2 cloak of Siodempy {Will+}
rCorr   .          Rampage  .   v - +0 pair of gloves
Will    +....                   (no boots)
Stlth   +.........              H - amulet of reflection
HPRegen 0.22/turn               N - ring of positive energy
MPRegen 0.13/turn               I - +6 ring of intelligence

@: about to teleport
A: no striking features
a: Renounce Religion, Purification, Heal Other


You were in a bailey.
You worshipped Elyvilon.
Elyvilon was pleased with you.
You visited 2 branches of the dungeon, and saw 8 of its levels.
You also visited: Bailey.

You collected 396 gold pieces.

Inventory:

Hand Weapons
 a - a +5 rapier of speed (weapon)
 t - a +3 scimitar
 w - a +0 dire flail of holy wrath
Missiles
 f - 14 boomerangs
 u - 3 curare-tipped darts
Armour
 h - the +2 cloak of Siodempy (worn) {Will+}
   (You found it on level 6 of the Dungeon)

   Will:      It increases your willpower.
 j - a +0 helmet (worn)
 s - +2 swamp dragon scales (worn)
 v - a +0 pair of gloves (worn)
Jewellery
 H - an amulet of reflection (around neck)
 I - a +6 ring of intelligence (right hand)
 N - a ring of positive energy (left hand)
Wands
 c - a wand of flame (2)
 p - a wand of polymorph (8)
Scrolls
 e - a scroll of fear
 g - 2 scrolls of teleportation
 k - 3 scrolls of noise
 n - a scroll of blinking
Potions
 b - a potion of heal wounds
 l - 4 potions of haste
 o - a potion of mutation
 r - a potion of cancellation {unknown}


   Skills:
 - Level 6.2 Fighting
 - Level 6.7 Long Blades
 - Level 3.1 Throwing
 - Level 5.0 Armour
 + Level 4.0 Dodging
 - Level 8.5 Air Magic
 + Level 4.3 Invocations
 - Level 5.0 Evocations


You had 7 spell levels left.
You knew the following spells:

 Your Spells              Type           Power      Damage    Failure   Level
z - Poisonous Vapours     Pois/Air       30%        N/A       11%         2

Your spell library contained the following spells:

 Spells                   Type           Power      Damage    Failure   Level
 Corpse Rot               Necr/Air       30%        N/A       11%         2
 Dazzling Flash           Conj/Hex       0%         N/A       75%         3
 Silence                  Hex/Air        7%         N/A       88%         5
 Agony                    Necr           0%         N/A       100%        5


Dungeon Overview and Level Annotations

Branches:
Dungeon (7/15)             Temple (1/1) D:5          Bailey (1/1)

Altars:
Ashenzari
Cheibriados
Dithmenos
Elyvilon
Fedhas
Gozag
Kikubaaqudgha
Makhleb
Nemelex Xobeh
Okawaru
Qazlal
Ru
Trog
Uskayaw
Vehumet
Xom
Yredelemnul
Zin

Shops:
D:7 (*


Message History

There is an open door here.
Okay, then.
You open the door. 2 orc high priests and an orc come into view.
The orc high priest shouts! x2; The orc shouts!
The orc high priest prays to Beogh.
An orc warrior comes into view. It is wielding a +0 hand axe.
The orc high priest prays to Beogh.
The orc warrior shouts!
Found an iron altar of Okawaru.
Okay, then.
Unknown command.
Press: ? - help, Dir - move target, f - orc high priest Heal: an orc high priest, wielding a +0 broad axe and wearing a +0 scale mail (chance to pacify: <1%) Unknown command.
Okay, then.
Okay, then.
Okay, then.
Unknown command.
The orc high priest calls down the wrath of Beogh upon you.
Beogh smites you!
The orc high priest mumbles some strange prayers to Beogh against you.
Beogh smites you! The sixfirhy hits you! The sixfirhy shocks you!
The orc high priest utters an invocation to Beogh.
Found a leather armour and a robe.
The sixfirhy closely misses you.
The sixfirhy hits you but does no damage.
The sixfirhy hits you. The sixfirhy shocks you!
* * * LOW HITPOINT WARNING * * *
The sixfirhy hits you.
* * * LOW HITPOINT WARNING * * *
The sixfirhy shocks you!
* * * LOW HITPOINT WARNING * * *
You enter the shallow water.
Moving in this stuff is going to be slow.
Found a pair of gloves.
As you read the scroll of teleportation, it crumbles to dust.
You feel strangely unstable. You block the sixfirhy's attack.
The sixfirhy closely misses you. The sixfirhy hits you!
You die...

≈≈≈.#..# #.o.# #..#
≈≈≈)#..# #.o.# #..#
≈≈≈)#..# #838# #..#
≈≈≈.#))# #...# #..#
≈≈#'#'##+###8o8###+##'#+#
≈≈#....#??.#...#.[[#....#
≈≈#....#??.#...#.[[#....#
≈≈###..######o######..###
≈ #.'........∩.3@.....+
######≈≈≈≈≈≈≈≈≈≈≈####
≈≈≈≈≈≈≈≈≈≈≈≈≈≈≈≈≈≈≈≈≈≈
≈≈≈≈≈≈≈≈≈≈≈≈≈≈≈≈≈≈≈≈≈≈≈
≈≈≈≈≈≈≈≈≈≈≈≈≈≈≈≈≈≈≈≈≈≈≈
≈≈≈≈≈≈≈≈≈≈≈≈≈≈≈≈≈≈≈≈≈≈≈
≈≈≈≈≈≈≈≈≈≈≈≈≈≈≈≈≈≈≈≈≈≈≈
#######################


You could see a sixfirhy (summoned) and an orc warrior.

Vanquished Creatures
  Pikel (D:4)
  2 orc knights (Bailey)
  A troll (D:7)
  Grinder (D:5)
  Menkaure (D:5)
  A water moccasin (D:7)
  Edmund (D:6)
  A black bear (D:6)
  An ice beast (D:5)
  5 orc warriors (Bailey)
  Pargi (D:4)
  2 ogres (D:5)
  A wolf (D:5)
  A centaur (D:6)
  A phantom (D:6)
  3 lemures (D:4)
  A kobold brigand (D:6)
  A wyvern zombie (D:7)
  3 scorpions
  9 wights
  An electric eel (Bailey)
  A centaur zombie (D:6)
  3 hounds
  3 jellies (D:6)
  2 centaur skeletons (D:5)
  A gnoll shaman (D:5)
  Crazy Yiuf (D:6)
  Ijyb (D:4)
  An iguana (D:7)
  A hound zombie (D:5)
  2 hound skeletons
  10 gnolls
  4 adders (D:2)
  2 white imps (D:6)
  A worm (D:2)
  5 dart slugs
  18 orcs
  7 ball pythons
  4 bats
  5 endoplasms
  A giant cockroach (D:2)
  13 goblins
  13 hobgoblins
  13 jackals
  2 quokkas
  5 frilled lizards
  9 kobolds
  9 rats
176 creatures vanquished.

Vanquished Creatures (collateral kills)
  Maggie (D:6)
1 creature vanquished.

Vanquished Creatures (others)
  Dowan (D:5)
  A fungus (D:6)
2 creatures vanquished.

Grand Total: 179 creatures vanquished

Notes
Turn   | Place    | Note
-------+----------+-------------------------------------------
     0 | D:1      | Armakuni the Human Gladiator began the quest for the Orb.
     0 | D:1      | Reached XP level 1. HP: 16/16 MP: 1/1
    45 | D:1      | Found a faded altar of an unknown god.
   365 | D:1      | Reached XP level 2. HP: 21/22 MP: 2/2
   640 | D:1      | Reached XP level 3. HP: 23/28 MP: 3/3
  1196 | D:2      | Reached XP level 4. HP: 17/34 MP: 4/4
  2226 | D:2      | Reached XP level 5. HP: 40/41 MP: 5/5
  3328 | D:4      | Noticed a lemure
  3349 | D:4      | Killed a lemure
  3381 | D:4      | Noticed a lemure
  3381 | D:4      | Noticed a lemure
  3382 | D:4      | Noticed a lemure
  3404 | D:4      | Killed a lemure
  3416 | D:4      | Killed a lemure
  3553 | D:4      | Reached XP level 6. HP: 32/47 MP: 6/6
  3656 | D:4      | Noticed Pikel
  3671 | D:4      | Killed Pikel
  3672 | D:4      | Reached skill level 5 in Evocations
  3672 | D:4      | Reached XP level 7. HP: 20/54 MP: 7/7
  3922 | D:4      | Noticed Ijyb
  3928 | D:4      | Killed Ijyb
  4068 | D:4      | Noticed Pargi
  4071 | D:4      | Killed Pargi
  4072 | D:4      | Reached skill level 5 in Long Blades
  4072 | D:4      | Reached XP level 8. HP: 61/61 MP: 8/8
  4076 | D:4      | Found a blossoming altar of Fedhas.
  4079 | D:4      | Found a burning altar of Makhleb.
  4307 | D:5      | Entered Level 5 of the Dungeon
  4373 | D:5      | Noticed Menkaure
  4374 | D:5      | Killed Menkaure
  4375 | D:5      | Reached skill level 5 in Fighting
  4394 | D:5      | Found a staircase to the Ecumenical Temple.
  4402 | Temple   | Entered the Ecumenical Temple
  4610 | Temple   | Learned a level 2 spell: Poisonous Vapours
  4721 | D:5      | Reached skill level 1 in Air Magic
  4984 | D:5      | Noticed Grinder
  5000 | D:5      | Killed Grinder
  5001 | D:5      | Reached skill level 3 in Air Magic
  5150 | D:5      | Reached skill level 4 in Air Magic
  5267 | D:5      | Reached XP level 9. HP: 33/68 MP: 9/9
  5274 | D:5      | Reached skill level 5 in Air Magic
  5476 | D:5      | Found a white marble altar of Elyvilon.
  5487 | D:5      | Became a worshipper of Elyvilon the Healer
  5678 | D:5      | Noticed Duvessa
  5678 | D:5      | Noticed Dowan
  5686 | D:5      | Your ally Dowan died
  5694 | D:5      | Noticed Duvessa
  5694 | D:5      | Duvessa changed into Duvessa the wolf
  5700 | D:5      | HP: 2/102 [Duvessa the wolf (7)]
  5712 | D:5      | Killed Duvessa the wolf
  6199 | D:5      | Reached skill level 6 in Air Magic
  6416 | D:6      | Noticed Maggie
  6439 | D:6      | Killed Maggie
  6440 | D:6      | Reached skill level 7 in Air Magic
  6763 | D:6      | Identified the +2 cloak of Siodempy {Will+}
  6928 | D:6      | Reached * piety under Elyvilon
  6949 | D:6      | Reached skill level 1 in Armour
  7273 | D:6      | Reached skill level 8 in Air Magic
  7608 | D:6      | Noticed Edmund
  7618 | D:6      | Killed Edmund
  7796 | D:6      | Reached XP level 10. HP: 63/74 MP: 10/10
  7815 | D:6      | Found a broken altar of Ashenzari.
  8296 | D:6      | Found a runed translucent door.
  8297 | D:6      | Noticed Crazy Yiuf
  8307 | D:6      | Killed Crazy Yiuf
  8472 | D:7      | Reached ** piety under Elyvilon
  8474 | D:7      | Found Wiakhuju's General Store.
  8483 | D:7      | Reached skill level 1 in Invocations
  8549 | D:7      | Found Ateiniav's Weapon Shoppe.
  8628 | D:7      | Found a flagged portal.
  8842 | Bailey   | Entered a bailey
  9474 | Bailey   | Noticed an orc knight
  9501 | Bailey   | Killed an orc knight
  9726 | Bailey   | Reached skill level 5 in Armour
  9837 | Bailey   | Noticed an orc knight
  9865 | Bailey   | Killed an orc knight
 10017 | Bailey   | Found an iron altar of Okawaru.
 10017 | Bailey   | Noticed an orc high priest
 10017 | Bailey   | Noticed an orc high priest
 10018 | Bailey   | Noticed an ice devil
 10018 | Bailey   | Noticed a sixfirhy
 10023 | Bailey   | Noticed a soul eater
 10028 | Bailey   | Slain by a sixfirhy

Illustrated notes

Levels and vault maps discovered:
D:1:      saegor_arrival_fortress, layout_basic,
          chequers_ecumenical_altar_simple_redux, minmay_misc_feat_pillars,
          amethyst_killhole
D:2:      layout_basic, corner_web_ring
D:3:      layout_loops_ring, kennysheep_nub
D:4:      layout_loops_ring, gammafunk_temple_overflow_statue, uniq_pikel,
          uniq_ijyb, uniq_pargi
D:5:      layout_gridville, lemuel_doored_altar, temple_fountains,
          uniq_menkaure, uniq_grinder, uniq_duvessa
D:6:      layout_gridville, kennysheep_mini, uniq_maggie,
          uniq_crazy_yiuf_cottage, uniq_edmund
D:7:      layout_cave_pods, lightli_bailey_entry_fortress, serial_shops,
          shop_fountains, shop_statue, nicolae_diamond_shop,
          nicolae_shop_advertising_works [nicolae_subvault_shop_adworks]
Temple:   dpeg_chambers_temple
Bailey:   bailey_axe_of_yendor_kennysheep, bailey

Skill      XL: |  1  2  3  4  5  6  7  8  9 10 |
---------------+-------------------------------+-----
Fighting       | 3 4 5 6 |  6.2
Throwing       | 3 |  3.1
Long Blades    | 4 5 6 |  6.7
Evocations     | 2 5 |  5.0
Air Magic      | 4 8 |  8.5
Armour         | 3 5 |  5.0
Invocations    | 4 |  4.3
Dodging        | 4 |  4.0

Action                   |  1- 3 |  4- 6 |  7- 9 | 10-12 || total
-------------------------+-------+-------+-------+-------++-------
Melee: Long sword        |    99 |   139 |    94 |       ||   332
       Punch             |     2 |     2 |     8 |     5 ||    17
       Rapier            |       |       |   186 |   176 ||   362
Throw: Throwing net      |     2 |     4 |     4 |       ||    10
       Boomerang         |       |       |     9 |     1 ||    10
       Dart              |       |       |       |     8 ||     8
 Cast: Poisonous Vapours |       |       |    14 |    34 ||    48
Evoke: Wand              |       |     7 |    21 |     9 ||    37
  Use: Scroll            |     1 |     6 |     4 |     2 ||    13
       Potion            |       |     1 |     3 |     4 ||     8
 Stab: Held in net/web   |     2 |       |       |       ||     2
Armor: Leather armour    |    48 |    27 |    26 |       ||   101
       Swamp dragon scal |       |       |    40 |    33 ||    73
       Skin              |       |       |    23 |    39 ||    62
       Ring mail         |       |       |     7 |       ||     7
Dodge: Dodged            |    85 |    73 |   143 |    42 ||   343
Block: Other             |       |    19 |    55 |    38 ||   112
       Reflection        |       |       |       |     1 ||     1
